 Dungeon Crawl Stone Soup version 0.31-a0-521-gc7390f8997 (webtiles) character file.

Game seed: 4378510119272932219

156 Ofeo the Changeling (level 5, -2/37 HPs)
             Began as a Formicid Shapeshifter on Aug 10, 2023.
             Killed from afar by Grinder (8 damage)
             ... with a puff of flame
             ... on level 4 of the Dungeon.
             The game lasted 00:03:42 (3217 turns).

Ofeo the Changeling (Formicid Shapeshifter)         Turns: 3217, Time: 00:03:43

Health: -2/37      AC:  2    Str: 16 (19) XL:     5   Next: 65%
Magic:  5/5        EV: 17    Int:  8      God:
Gold:   230        SH:  0    Dex: 14 (16) Spells: 4/4 levels left

rFire   . . .        g - +0 spear (venom)
rCold   . . .        (no shield)
rNeg    . . .        a - +0 animal skin
rPois   .            (helmet unavailable)
rElec   .            (cloak currently unavailable)
rCorr   .            (gloves currently unavailable)
SInv    +            (boots currently unavailable)
Will    +....        (no amulet)
Stlth   +            e - ring of willpower
HPRegen 0.26/turn    k - +5 ring of evasion
MPRegen 0.09/turn

%: no passive effects
@: beast-form
A: beast (slay +3), permanent stasis, dig shafts and tunnels, antennae 3, four
strong arms
a: Dig, Shaft Self, Begin Untransformation


You were on level 4 of the Dungeon.
You were a hulking beast.
You visited 1 branch of the dungeon, and saw 4 of its levels.

You collected 230 gold pieces.

Inventory:

Hand Weapons
 g - a +0 spear of venom (weapon)
Missiles
 f - a throwing net
Armour
 a - a +0 animal skin (worn)
 b - a +0 kite shield
Jewellery
 e - a ring of willpower (left hand)
 j - a ring of flight
 k - a +5 ring of evasion (right hand)
Talismans
 c - a beast talisman (active)
 d - a flux talisman
Scrolls
 h - a scroll of revelation {unknown}
 i - 4 scrolls of identify {@r1}
 l - a scroll of noise {unknown}


   Skills:
 - Level 1.1 Fighting
 - Level 1.7 Dodging
 - Level 3.0 Unarmed Combat
 + Level 5.7 Shapeshifting


You had 4 spell levels left.
You didn't know any spells.
Your spell library contained the following spells:

 Spells                   Type           Power      Damage    Failure   Level
 Ensorcelled Hibernation  Hex/Ice        0%         N/A       54%         2
 Ozocubu's Armour         Ice            0%         N/A       78%         3
 Anguish                  Hex/Necr       0%         N/A       99%         4
 Animate Armour           Summ/Erth      0%         N/A       99%         4
 Summon Lightning Spire   Summ/Air       0%         N/A       99%         4
 Lee's Rapid Deconstruct  Erth           0%         3d4*      100%        5
 Ozocubu's Refrigeration  Ice            0%         4d7       100%        7


Dungeon Overview and Level Annotations

Branches:
Dungeon (4/15)
 Temple: D:4-7

Altars:
Cheibriados
Qazlal
Xom
The Shining One

Shops:
D:1 [

Annotations:
D:4 Grinder


Innate Abilities, Weirdness & Mutations

You are a hulking beast.
Your limbs bulge with bestial killing power. (Slay +3)
You cannot be hasted, slowed, berserked, paralysed or teleported.
You can dig through walls and to a lower floor.
You have a pair of large antennae on your head. (SInv)
Your four strong arms can wield two-handed weapons with a shield.


Message History

You closely miss the adder. Grinder gestures at you.
You resist with almost no effort. The adder completely misses you.
Grinder gestures at you. You resist with almost no effort.
You hit the adder.
The adder is poisoned.
The adder is severely wounded.
The adder barely misses you.
You hit the adder.
You kill the adder!
Grinder zaps a wand.
The puff of flame hits you!
You take 6 damage, and have 15/37 hp.
Reach: g) +0 spear (venom)
Press: ? - help, Dir - move target, f/p - Grinder
Aim: Grinder, carrying a wand of flame (heavily wounded, very poisoned, about 38% to evade your +0 spear of venom)
You reach to attack!
You closely miss Grinder.
Grinder is heavily wounded.
Grinder blinks!
Reach: g) +0 spear (venom)
Press: ? - help, Dir - move target, f - you, p - Grinder That would be overly suicidal.
Okay, then.
Unknown command.
You aren't carrying any potions.
Okay, then.
Grinder zaps a wand.
The puff of flame hits you!
* * * LOW HITPOINT WARNING * * *
You take 10 damage, and have 5/37 hp.
MASSIVE DAMAGE!!
Reach: g) +0 spear (venom)
Press: ? - help, Dir - move target, f - Grinder
Aim: Grinder, carrying a wand of flame (heavily wounded, poisoned, about 38% to evade your +0 spear of venom)
Okay, then.
Unknown command.
You aren't carrying any potions.
Okay, then.
You closely miss Grinder.
Grinder is heavily wounded.
Grinder blinks!
Grinder zaps a wand.
The puff of flame hits you!
You die...

.# #....################ ####
##.# #....#..##....##....# ..#.
#..# #....#..............# ..#.
#..+ #....#..............#
..#.###..# #....#...............
..##.##..# #..†.#..###...##....#
.........# #....#..###...##.....
..).#....# #....+........#......
....#....# #...h#........#......
....#....# #..§.#...########'###
....#....####....#...#...........
....#..........[5#...#...........
....#####........#...#...........
.....#..#........#####...........
.....#..#..............########'#
.....#..#######+#......#..#......
##..##...#......#......#..#.>....


You could see Grinder (poisoned).

Vanquished Creatures
  An iguana (D:3)
  3 gnolls
  3 adders
  An ufetubus (D:4)
  A worm (D:3)
  3 orcs (D:3)
  4 ball pythons
  2 bats
  3 endoplasms
  5 giant cockroaches
  5 goblins
  6 hobgoblins
  2 jackals (D:2)
  7 kobolds
  3 quokkas
  3 frilled lizards
  10 rats
62 creatures vanquished.

Notes
Turn   | Place    | Note
-------+----------+-------------------------------------------
     0 | D:1      | Ofeo the Formicid Shapeshifter began the quest for the Orb.
     0 | D:1      | Reached XP level 1. HP: 15/15 MP: 1/1
   129 | D:1      | Reached XP level 2. HP: 21/21 MP: 2/2
   361 | D:1      | Found Soogud's Antique Armour Shop.
   763 | D:1      | Reached skill level 4 in Shapeshifting
   942 | D:2      | Reached XP level 3. HP: 22/26 MP: 3/3
  1543 | D:2      | Found a glowing golden altar of the Shining One.
  1760 | D:2      | Reached XP level 4. HP: 19/32 MP: 4/4
  1928 | D:3      | Reached skill level 5 in Shapeshifting
  2008 | D:3      | Reached XP level 5. HP: 36/37 MP: 5/5
  2315 | D:3      | Found a shimmering altar of Xom.
  2617 | D:3      | Found a snail-covered altar of Cheibriados.
  3068 | D:4      | Found a stormy altar of Qazlal.
  3201 | D:4      | Noticed Grinder
  3217 | D:4      | Killed from afar by Grinder

Illustrated notes

Levels and vault maps discovered:
D:1:      erik_arrival_blinker_ship, layout_basic, serial_shops, shop
D:2:      layout_loops_cross, basic_altar, minmay_tree_intersection
D:3:      layout_basic, cheibrodos_worm_habitat, mainiacjoe_overflow_alcove_4,
          hex_medium
D:4:      layout_gridville, nicolae_ru_the_path_less_chosen,
          mainiacjoe_overflow_cross_hatched, uniq_grinder, uniq_ijyb

Skill      XL: |  1  2  3  4 |
---------------+-------------+-----
Shapeshifting  | 4 5 |  5.7
Fighting       | |  1.1
Dodging        | |  1.7
Unarmed Combat | |  3.0

Action                     |  1- 3 |  4- 6 || total
---------------------------+-------+-------++-------
  Melee: Unarmed           |    92 |    62 ||   154
         Punch             |     2 |     1 ||     3
         Spear             |       |    24 ||    24
    Use: Scroll            |     4 |       ||     4
         Potion            |     1 |     2 ||     3
   Stab: Sleeping          |     3 |     1 ||     4
 Armour: Animal skin       |     9 |     2 ||    11
         Skin              |       |     5 ||     5
  Dodge: Dodged            |    63 |    63 ||   126

Table legend: (Time is in decaauts)
 A = Elapsed time spent in this place.
 B = Non-inter-level travel time spent in this place.
 C = Inter-level travel time spent in this place.
 D = Time resting spent in this place.
 E = Time spent auto-exploring this place.
 F = Levels seen in this place.
 G = Mean time per level.
                   A        B        C        D        E       F      G
               +--------+--------+--------+--------+--------+-----+--------+
         Total |   3220 |   3141 |     79 |    139 |   2500 |   4 |  805.0 |
       Dungeon |   3220 |   3141 |     79 |    139 |   2500 |   4 |  805.0 |
               +--------+--------+--------+--------+--------+-----+--------+

Top non-repeatable levels by time:
     D:3: 1090 daAuts
     D:1: 935 daAuts
     D:2: 887 daAuts
     D:4: 307 daAuts
